 Dungeon Crawl Stone Soup version 0.22-a0-542-gce4f928 (webtiles) character file.

1504 Cashew the Sneak (level 8, -4/58 HPs)
             Began as a Gnoll Wanderer on June 24, 2018.
             Slain by an orc warrior
             ... wielding a +0 dire flail
              (14 damage)
             ... on level 6 of the Dungeon.
             The game lasted 00:20:03 (7477 turns).

Cashew the Sneak (Gnoll Wanderer)                   Turns: 7477, Time: 00:20:03

Health: -4/58      AC: 11    Str: 13    XL:     8   Next: 82%
Magic:  13/13      EV:  7    Int: 18    God:
Gold:   469        SH:  0    Dex: 15    Spells: 14/14 levels left

rFire    . . .     SeeInvis .   a - +3 hand axe
rCold    . . .     Gourm    .   (no shield)
rNeg     . . .     Faith    .   H - +0 chain mail
rPois    +         Spirit   .   (no helmet)
rElec    .         Reflect  .   (no cloak)
rCorr    .         Harm     .   (no gloves)
MR       .....                  w - +1 pair of boots
Stlth    ..........             (no amulet)
HPRegen  0.19/turn              j - +4 ring of slaying
MPRegen  0.13/turn              p - ring of poison resistance

@: no status effects
A: distributed training, fangs 1, strong nose
a: no special abilities


You were on level 6 of the Dungeon.
You were near starving.

You visited 1 branch of the dungeon, and saw 6 of its levels.
You also visited: Sewer.

You collected 469 gold pieces.

Inventory:

Hand Weapons
 a - a +3 hand axe (weapon)
   (You took it off an orc on level 4 of the Dungeon)
 b - a +0 hunting sling
   (You took it off a goblin on level 3 of the Dungeon)
 d - a +0 dagger
 x - a +0 flail of protection
   (You found it on level 5 of the Dungeon)
Missiles
 c - 148 stones (quivered)
 e - 9 tomahawks
 h - a throwing net {!f=f}
 n - 5 needles of paralysis
Armour
 l - a +0 robe
 w - a +1 pair of boots (worn)
   (You found it on level 1 of the Dungeon)
 y - a +0 ring mail
   (You took it off an orc on level 3 of the Dungeon)
 H - a +0 chain mail (worn)
   (You took it off an orc on level 5 of the Dungeon)
Jewellery
 j - a +4 ring of slaying (left hand)
   (You found it on level 1 of the Dungeon)
 o - an uncursed amulet of the gourmand
   (You found it on level 4 of the Dungeon)
 p - a ring of poison resistance (right hand)
   (You found it on level 1 of the Dungeon)
 s - an uncursed ring of poison resistance
   (You took it off an orc on level 3 of the Dungeon)
 G - an uncursed ring of fire {unknown}
   (You found it on level 6 of the Dungeon)
Wands
 u - a wand of paralysis (11)
   (You found it on level 2 of the Dungeon)
 D - a wand of disintegration (10)
   (You found it on level 5 of the Dungeon)
Scrolls
 q - 4 scrolls of teleportation
 t - 2 scrolls of amnesia
 B - 2 scrolls of fog
 C - 2 scrolls of fear {unknown}
 E - a scroll of enchant armour
 J - a scroll of holy word {unknown}
Potions
 g - 3 potions of magic
 i - a potion of might {unknown}
 k - 4 potions of flight
 m - a potion of ambrosia {unknown}
 r - a potion of brilliance {unknown}
 v - 2 potions of agility {unknown}
 z - a potion of cancellation {unknown}
 A - a potion of curing {unknown}
 F - a potion of heal wounds {unknown}
 I - a potion of berserk rage {unknown}
Comestibles
 f - 7 rations


   Skills:
 + Level 3.5 Fighting
 + Level 3.5 Short Blades
 + Level 3.5 Long Blades
 + Level 3.5 Axes
 + Level 3.5 Maces & Flails
 + Level 3.5 Polearms
 + Level 3.5 Staves
 + Level 3.5 Slings
 + Level 3.5 Bows
 + Level 3.5 Crossbows
 + Level 3.5 Throwing
 + Level 3.5 Armour
 + Level 4.4 Dodging
 + Level 7.0 Stealth
 + Level 3.5 Shields
 + Level 5.8 Unarmed Combat
 + Level 3.5 Spellcasting
 + Level 2.9 Conjurations
 + Level 2.9 Hexes
 + Level 2.9 Charms
 + Level 2.9 Summonings
 + Level 2.9 Necromancy
 + Level 2.9 Translocations
 + Level 2.9 Transmutations
 + Level 2.9 Fire Magic
 + Level 3.6 Ice Magic
 + Level 2.9 Air Magic
 + Level 4.8 Earth Magic
 + Level 2.9 Poison Magic
 + Level 3.9 Invocations
 + Level 4.4 Evocations


You had 14 spell levels left.
You didn't know any spells.
Your spell library contained the following spells:

 Spells                   Type           Power        Failure   Level  Hunger
 Stone Arrow              Conj/Erth      ###...       95%         3    ###....
 Passwall                 Tmut/Erth      ###.....     80%         2    ##.....
 Lee's Rapid Deconstruct  Erth           ###.......   100%        5    ######.
 Sandblast                Erth           ###...       52%         1    None
 Petrify                  Tmut/Erth      ###.....     100%        4    ####...


Dungeon Overview and Level Annotations

Branches:
Dungeon (6/15)             Temple (0/1) D:6

Altars:
Uskayaw

Annotations:
D:4 1 runed door, Serulin's ghost, amateur TrMo


Innate Abilities, Weirdness & Mutations

Your experience applies equally to all skills.
You have very sharp teeth.
Your uncanny sense of smell can sniff out nearby items.


Message History

All of the chunks of flesh in your inventory have rotted away.
There is a stone staircase leading up here.
A frilled lizard comes into view.
The frilled lizard hisses angrily.
Firing (i - inventory. (/) - cycle)
c - 104 stones (quivered)
Press: ? - help, Shift-Dir - straight line, f - frilled lizard
Aim: a frilled lizard You shoot a stone.
The stone misses the frilled lizard.
The frilled lizard bites you but does no damage.
a - a +3 hand axe (weapon)
You closely miss the frilled lizard. The frilled lizard barely misses you.
You slash the frilled lizard!
You kill the frilled lizard!
b - a +0 hunting sling (weapon)
You butcher the frilled lizard corpse.
x - a chunk of flesh Eating a chunk of flesh.
You eat the chunk of flesh.
This raw flesh tastes terrible.
There is an open door here.
You open the door.
There is an open door here.
There is an open door here.
There is an open door here.
Found a runed flail.
You see here a runed flail.
x - a runed flail Wield which item (- for none, * to show all)? (? for menu, Esc to quit)
Your +0 flail of protection hums with potential!
x - a +0 flail of protection (weapon)
Your +0 flail of protection goes still.
a - a +3 hand axe (weapon)
b - a +0 hunting sling (weapon)
An adder comes into view.
Firing (i - inventory. (/) - cycle)
c - 103 stones (quivered)
Press: ? - help, Shift-Dir - straight line, f - adder
Aim: an adder (resting)
You shoot a stone. The stone hits the adder.
The adder is moderately wounded.
Firing (i - inventory. (/) - cycle)
c - 102 stones (quivered)
Press: ? - help, Shift-Dir - straight line, f/p - adder
Aim: an adder (moderately wounded)
You shoot a stone. The stone misses the adder.
a - a +3 hand axe (weapon)
The adder closely misses you.
You barely miss the adder. Your bite misses the adder.
The adder is moderately wounded.
The adder bites you but does no damage.
You hit the adder. Your punch misses the adder. Your bite misses the adder.
The adder is almost dead.
The adder closely misses you. x2
You miss the adder.
The adder is almost dead.
The adder bites you.
You closely miss the adder.
The adder is almost dead.
The adder closely misses you. The adder bites you.
You are poisoned.
The adder poisons you!
You slash the adder!
You kill the adder!
You feel sick.
You start resting.
You feel sick. x5
You are no longer poisoned.
b - a +0 hunting sling (weapon)
You start resting.
HP restored.
You butcher the adder corpse.
E - 2 chunks of flesh You see here an adder skeleton. x2
c - 103 stones (gained 2)
You open the door. 2 orcs, an orc priest, an orc wizard and a skeleton come into view.
The orc wizard shouts!
The orc shouts!
The orc picks up a dark potion.
Found a scroll of enchant armour.
Found a stone staircase leading down.
The orc priest shouts!
The orc wizard gestures at you while chanting.
The magic dart hits you!
The orc priest mumbles some strange prayers to Beogh against you.
Beogh smites you!
The orc wizard begins to cast a cantrip, but forgets the words!
You see here an adder skeleton.
Firing (i - inventory. (/) - cycle)
c - 103 stones (quivered)
Press: ? - help, Shift-Dir - straight line, f - orc
Aim: an orc, wielding a club You shoot a stone.
The stone hits the orc!
You kill the orc!
Firing (i - inventory. (/) - cycle)
c - 102 stones (quivered)
Press: ? - help, Shift-Dir - straight line, f - orc wizard
Aim: an orc wizard, wielding a dagger and wearing a robe You shoot a stone.
The stone hits the orc wizard.
The orc wizard is moderately wounded.
The orc wizard casts a spell at you. The puff of flame hits you!
Firing (i - inventory. (/) - cycle)
c - 101 stones (quivered)
Press: ? - help, Shift-Dir - straight line, f/p - orc wizard
Aim: an orc wizard, wielding a dagger and wearing a robe (lightly wounded)
You shoot a stone. The stone hits the orc wizard.
The orc wizard is heavily wounded.
Firing (i - inventory. (/) - cycle)
c - 100 stones (quivered)
Press: ? - help, Shift-Dir - straight line, f/p - orc wizard
Aim: an orc wizard, wielding a dagger and wearing a robe (heavily wounded)
You shoot a stone. The stone barely misses the orc wizard.
Firing (i - inventory. (/) - cycle)
c - 99 stones (quivered)
Press: ? - help, Shift-Dir - straight line, f/p - orc wizard
Aim: an orc wizard, wielding a dagger and wearing a robe (heavily wounded)
You shoot a stone. The stone hits the orc wizard.
The orc wizard is severely wounded.
The orc wizard casts a spell at you. The puff of flame hits you!
* * * LOW HITPOINT WARNING * * *
Firing (i - inventory. (/) - cycle)
c - 98 stones (quivered)
Press: ? - help, Shift-Dir - straight line, f/p - orc wizard
Aim: an orc wizard, wielding a dagger and wearing a robe (severely wounded)
You shoot a stone.
The stone closely misses the orc wizard.
The orc priest mumbles some strange prayers to Beogh against you.
Beogh smites you!
* * * LOW HITPOINT WARNING * * *
There is a stone staircase leading up here.
You climb upwards.
Level annotation: 1 runed door, Serulin's ghost, amateur TrMo
There is a stone staircase leading down here.
You start resting.
All of the chunks of flesh in your inventory have rotted away.
You are feeling hungry.
You start resting.
HP restored.
a - a +3 hand axe (weapon)
You climb downwards.
The orc wizard barely misses you.
The orc wizard looks encouraged for a moment.
There is a stone staircase leading up here.
You hit the orc wizard.
The orc wizard is lightly wounded.
The orc wizard gestures at you while chanting.
The puff of frost hits you!
The orc wizard points at you and mumbles some strange words.
The puff of frost hits you!
You climb upwards.
Level annotation: 1 runed door, Serulin's ghost, amateur TrMo
There is a stone staircase leading down here.
You slash the orc wizard!
The orc wizard is heavily wounded.
The orc wizard misses you.
You closely miss the orc wizard.
The orc wizard is heavily wounded.
The orc wizard hits you but does no damage.
You miss the orc wizard.
The orc wizard is heavily wounded.
The orc wizard hits you but does no damage.
You miss the orc wizard. You bite the orc wizard.
The orc wizard is severely wounded.
The orc wizard gestures wildly while chanting.
The orc wizard seems to speed up.
The orc wizard barely misses you.
You hit the orc wizard but do no damage.
You bite the orc wizard, but do no damage.
The orc wizard is severely wounded.
The orc wizard gestures at you while chanting.
The magic dart hits you!
You hit the orc wizard. Your bite misses the orc wizard.
The orc wizard is almost dead.
The orc wizard hits you but does no damage. x2
Your ring mail prevents you from hitting the orc wizard.
The orc wizard is almost dead.
The orc wizard casts a spell at you. The puff of frost hits you!
* * * LOW HITPOINT WARNING * * *
The orc wizard barely misses you.
You slash the orc wizard!
You kill the orc wizard!
Your Dodging skill increases to level 4!
Your Evocations skill increases to level 4!
You start resting.
You are feeling very hungry.
You start resting.
HP restored.
You climb downwards.
The orc priest begins to cast a cantrip, but forgets the words!
There is a stone staircase leading up here.
The orc priest barely misses you.
You slash the orc priest!
The orc priest is severely wounded.
The orc priest hits you.
You slash the orc priest!
You kill the orc priest!
Your Fighting skill increases to level 3!
Your Short Blades skill increases to level 3!
Your Long Blades skill increases to level 3!
Your Axes skill increases to level 3!
Your Maces & Flails skill increases to level 3!
Your Polearms skill increases to level 3!
Your Staves skill increases to level 3!
Your Slings skill increases to level 3!
Your Bows skill increases to level 3!
Your Crossbows skill increases to level 3!
Your Throwing skill increases to level 3!
Your Armour skill increases to level 3!
Your Shields skill increases to level 3!
Your Spellcasting skill increases to level 3!
b - a +0 hunting sling (weapon)
You open the door.
The quokka skeleton is too close now for your liking.
Firing (i - inventory. (/) - cycle)
c - 97 stones (quivered)
Press: ? - help, Shift-Dir - straight line, f - quokka skeleton
Aim: a quokka skeleton (hasn't noticed you)
You shoot a stone.
The stone barely misses the quokka skeleton.
No target in view!
The quokka skeleton is too close now for your liking.
There is an open door here.
Firing (i - inventory. (/) - cycle)
c - 96 stones (quivered)
Press: ? - help, Shift-Dir - straight line, f/p - quokka skeleton
Aim: a quokka skeleton You shoot a stone.
The stone hits the quokka skeleton!
The quokka skeleton is almost destroyed.
The quokka skeleton bites you but does no damage.
a - a +3 hand axe (weapon)
The quokka skeleton bites you but does no damage.
You barely miss the quokka skeleton.
The quokka skeleton is almost destroyed.
The quokka skeleton misses you.
You slash the quokka skeleton!
You destroy the quokka skeleton!
b - a +0 hunting sling (weapon)
An orc is nearby!
Firing (i - inventory. (/) - cycle)
c - 95 stones (quivered)
Press: ? - help, Shift-Dir - straight line, f - orc
Aim: an orc, wielding a whip and wearing a leather armour (hasn't noticed you)
You shoot a stone. The orc shouts!
The stone hits the orc.
The orc is lightly wounded.
Firing (i - inventory. (/) - cycle)
c - 94 stones (quivered)
Press: ? - help, Shift-Dir - straight line, f/p - orc
Aim: an orc, wielding a whip and wearing a leather armour (lightly wounded)
You shoot a stone. The stone hits the orc.
You kill the orc!
No target in view!
c - 94 stones (gained 1) HP restored.
E - a scroll of enchant armour
There is a stone staircase leading down here.
c - 95 stones (gained 1);
F - a dark potion
There is an open door here.
Things that are here:
a whip; a leather armour
c - 96 stones (gained 1)
There is an open door here.
Things that are here:
a whip; a leather armour
c - 97 stones (gained 1)
You open the door.
There is an open door here.
c - 98 stones (gained 1)
c - 99 stones (gained 1)
c - 101 stones (gained 2)
c - 103 stones (gained 2)
You see here a club.
c - 105 stones (gained 2)
You see here a club.
There is an open door here.
You open the door.
There is an open door here.
You now have 399 gold pieces (gained 7).
You are near starving!
Found 17 arrows.
You now have 411 gold pieces (gained 12).
A frilled lizard and a worker ant come into view.
Firing (i - inventory. (/) - cycle)
c - 105 stones (quivered)
Press: ? - help, Shift-Dir - straight line, f - worker ant
Aim: a worker ant (resting)
You shoot a stone. The stone hits the worker ant.
The worker ant twitches its antennae in your direction.
The worker ant is lightly wounded.
The worker ant bites you.
a - a +3 hand axe (weapon)
You hit the worker ant.
The worker ant is heavily wounded.
The worker ant closely misses you. The worker ant misses you.
You slash the worker ant!
You kill the worker ant!
The frilled lizard is too close now for your liking.
You see here a worker ant corpse.
The frilled lizard hisses angrily.
The frilled lizard barely misses you.
You miss the frilled lizard.
The frilled lizard bites you but does no damage.
You barely miss the frilled lizard. The frilled lizard barely misses you.
The frilled lizard closely misses you.
You slash the frilled lizard!
You kill the frilled lizard!
b - a +0 hunting sling (weapon)
You butcher the frilled lizard corpse.
G - a chunk of flesh You see here a frilled lizard skeleton. x2
Eating a chunk of flesh.
You eat the chunk of flesh.
This raw flesh tastes terrible.
You are feeling hungry.
You butcher the worker ant corpse.
G - a chunk of flesh Eating a chunk of flesh.
You eat the chunk of flesh.
This raw flesh tastes terrible.
c - 105 stones (gained 1)
You open the door.
Found a stone staircase leading up and a stone staircase leading down.
There is an open door here. 3 orcs come into view.
Found 13 gold pieces.
Firing (i - inventory. (/) - cycle)
c - 105 stones (quivered)
Press: ? - help, Shift-Dir - straight line, f - orc
Aim: an orc (resting)
You shoot a stone. The stone hits the orc.
The orc shouts!
The orc is almost dead.
An orc comes into view. It is wielding a flail.
Firing (i - inventory. (/) - cycle)
c - 104 stones (quivered)
Press: ? - help, Shift-Dir - straight line, f/p - orc
Aim: an orc (severely wounded)
You shoot a stone. The orc shouts! x3
The stone hits the orc.
You kill the orc!
Firing (i - inventory. (/) - cycle)
c - 103 stones (quivered)
Press: ? - help, Shift-Dir - straight line, f - orc
Aim: an orc, wielding a club You shoot a stone.
The stone hits the orc.
The orc is almost dead.
Firing (i - inventory. (/) - cycle)
c - 102 stones (quivered)
Press: ? - help, Shift-Dir - straight line, f/p - orc
Aim: an orc, wielding a club (almost dead)
You shoot a stone. The stone hits the orc.
You kill the orc!
Firing (i - inventory. (/) - cycle)
c - 101 stones (quivered)
Press: ? - help, Shift-Dir - straight line, f - orc
Aim: an orc, wielding a club and wearing a leather armour You shoot a stone.
The stone hits the orc.
The orc is almost dead.
Firing (i - inventory. (/) - cycle)
c - 100 stones (quivered)
Press: ? - help, Shift-Dir - straight line, f/p - orc
Aim: an orc, wielding a club and wearing a leather armour (almost dead)
You shoot a stone. The stone closely misses the orc.
The orc barely misses you.
Firing (i - inventory. (/) - cycle)
c - 99 stones (quivered)
Press: ? - help, Shift-Dir - straight line, f/p - orc
Aim: an orc, wielding a club and wearing a leather armour (almost dead)
You shoot a stone. The stone completely misses the orc.
The orc barely misses you.
a - a +3 hand axe (weapon)
You closely miss the orc.
The orc is almost dead.
You hit the orc.
You kill the orc!
You barely miss the orc. The orc barely misses you.
You hit the orc. You bite the orc, but do no damage.
The orc is heavily wounded.
The orc completely misses you.
You hit the orc.
The orc is almost dead.
The orc hits you but does no damage.
You hit the orc.
You kill the orc!
b - a +0 hunting sling (weapon)
Things that are here:
a club; a leather armour
e - 9 tomahawks (gained 3);
c - 100 stones (gained 2)
Things that are here:
a flail; a chain mail; an orc corpse You butcher the orc corpse.
G - 2 chunks of flesh
Things that are here:
a flail; a chain mail A leopard gecko comes into view.
Things that are here:
a flail; a chain mail A leopard gecko is nearby!
Firing (i - inventory. (/) - cycle)
c - 100 stones (quivered)
Press: ? - help, Shift-Dir - straight line, f - leopard gecko
Aim: a leopard gecko (clinging, hasn't noticed you)
You shoot a stone.
The stone barely misses the leopard gecko.
The leopard gecko hisses angrily.
Firing (i - inventory. (/) - cycle)
c - 99 stones (quivered)
Press: ? - help, Shift-Dir - straight line, f/p - leopard gecko
Aim: a leopard gecko (clinging)
You shoot a stone.
The stone barely misses the leopard gecko.
Firing (i - inventory. (/) - cycle)
c - 98 stones (quivered)
Press: ? - help, Shift-Dir - straight line, f/p - leopard gecko
Aim: a leopard gecko (clinging)
You shoot a stone. The stone hits the leopard gecko!
You kill the leopard gecko!
No target in view!
c - 99 stones (gained 2)
You butcher the orc corpse.
G - 4 chunks of flesh (gained 2)
Things that are here:
a club; an orc skeleton
Things that are here:
a club; an orc skeleton
Things that are here:
a flail; a chain mail
c - 100 stones (gained 1)
You now have 424 gold pieces (gained 13).
c - 101 stones (gained 1)
c - 102 stones (gained 1)
You open the door.
There is an open door here.
Found a falchion.
There is an open door here.
Done exploring.
Done exploring.
Things that are here:
a club; an orc skeleton
Things that are here:
a flail; a chain mail
There is a stone staircase leading down here.
You climb downwards.
Found 13 stones and a dyed leather armour.
There is a stone staircase leading up here.
You climb upwards.
There is a stone staircase leading down here.
Search for what [Enter for "armor", or ? for help]? armor
Things that are here:
a chain mail; a flail
H - a chain mail Wear which item? (? for menu, Esc to quit)
You start removing your armour.
You continue taking off your +0 ring mail. x4
You finish taking off your +0 ring mail.
You start putting on your armour.
You continue putting on your chain mail. x5
You finish putting on your +0 chain mail.
There is a stone staircase leading down here.
You climb downwards.
There is a stone staircase leading up here.
You climb upwards.
There is a stone staircase leading down here.
There is an open door here.
There is a stone staircase leading down here.
You climb downwards.
There is a stone staircase leading up here.
A bullfrog comes into view.
The bullfrog gives a loud, deep croak!
The bullfrog hits you but does no damage.
All of the chunks of flesh in your inventory have rotted away.
a - a +3 hand axe (weapon)
The bullfrog hits you but does no damage.
You closely miss the bullfrog.
The bullfrog hits you but does no damage.
You slash the bullfrog!
The bullfrog is heavily wounded.
The bullfrog hits you. x2
A worker ant comes into view.
You hit the bullfrog. You punch the bullfrog.
The bullfrog is almost dead.
The bullfrog hits you but does no damage.
The bullfrog misses you.
You slash the bullfrog!
You kill the bullfrog!
b - a +0 hunting sling (weapon)
Firing (i - inventory. (/) - cycle)
c - 102 stones (quivered)
Press: ? - help, Shift-Dir - straight line, f - worker ant
Aim: a worker ant You shoot a stone.
The stone closely misses the worker ant.
Firing (i - inventory. (/) - cycle)
c - 101 stones (quivered)
Press: ? - help, Shift-Dir - straight line, f/p - worker ant
Aim: a worker ant You shoot a stone.
The stone hits the worker ant.
The worker ant is moderately wounded.
a - a +3 hand axe (weapon)
The worker ant bites you.
You hit the worker ant.
The worker ant is moderately wounded.
The worker ant bites you but does no damage.
You slash the worker ant! You bite the worker ant.
The worker ant is almost dead.
The worker ant bites you but does no damage.
Your chain mail prevents you from hitting the worker ant.
The worker ant is almost dead.
You are feeling hungry.
The worker ant bites you. The worker ant barely misses you.
You completely miss the worker ant. You bite the worker ant.
The worker ant is almost dead.
The worker ant bites you but does no damage.
You closely miss the worker ant.
You kill the worker ant!
b - a +0 hunting sling (weapon)
You start resting.
HP restored.
You butcher the worker ant corpse.
G - 2 chunks of flesh You butcher the bullfrog corpse.
G - 4 chunks of flesh (gained 2) Eating one of 4 chunks of flesh.
You eat one of the 4 chunks of flesh.
This raw flesh tastes terrible.
c - 101 stones (gained 1)
c - 102 stones (gained 1)
A leopard gecko comes into view.
The leopard gecko hisses angrily.
Firing (i - inventory. (/) - cycle)
c - 102 stones (quivered)
Press: ? - help, Shift-Dir - straight line, f - leopard gecko
Aim: a leopard gecko You shoot a stone.
The stone closely misses the leopard gecko.
Firing (i - inventory. (/) - cycle)
c - 101 stones (quivered)
Press: ? - help, Shift-Dir - straight line, f/p - leopard gecko
Aim: a leopard gecko You shoot a stone.
The stone hits the leopard gecko!
You kill the leopard gecko!
No target in view!
c - 101 stones (gained 1)
c - 102 stones (gained 1)
You now have 435 gold pieces (gained 11).
c - 128 stones (gained 26)
c - 159 stones (gained 31)
B - 2 scrolls of fog (gained 1)
I - a sedimented cyan potion You open the door.
An orc comes into view. It is wielding a club.
The orc shouts!
The orc moves out of view.
An orc warrior comes into view. It is wielding a short sword.
There is an open door here.
Firing (i - inventory. (/) - cycle)
c - 159 stones (quivered)
Press: ? - help, Shift-Dir - straight line, f - orc warrior
Aim: an orc warrior, wielding a short sword and wearing a chain mail (hasn't noticed you)
You shoot a stone.
The stone barely misses the orc warrior.
The orc warrior shouts!
You hear a shout!
Firing (i - inventory. (/) - cycle)
c - 158 stones (quivered)
Press: ? - help, Shift-Dir - straight line, f/p - orc warrior
Aim: an orc warrior, wielding a short sword and wearing a chain mail You shoot a stone.
The stone hits the orc warrior but does no damage.
Firing (i - inventory. (/) - cycle)
c - 157 stones (quivered)
Press: ? - help, Shift-Dir - straight line, f/p - orc warrior
Aim: an orc warrior, wielding a short sword and wearing a chain mail You shoot a stone.
The stone hits the orc warrior but does no damage.
Firing (i - inventory. (/) - cycle)
c - 156 stones (quivered)
Press: ? - help, Shift-Dir - straight line, f/p - orc warrior
Aim: an orc warrior, wielding a short sword and wearing a chain mail You shoot a stone.
The stone hits the orc warrior.
The orc warrior is lightly wounded.
Firing (i - inventory. (/) - cycle)
c - 155 stones (quivered)
Press: ? - help, Shift-Dir - straight line, f/p - orc warrior
Aim: an orc warrior, wielding a short sword and wearing a chain mail (lightly wounded)
You shoot a stone. The stone hits the orc warrior.
The orc warrior is lightly wounded.
Firing (i - inventory. (/) - cycle)
c - 154 stones (quivered)
Press: ? - help, Shift-Dir - straight line, f/p - orc warrior
Aim: an orc warrior, wielding a short sword and wearing a chain mail (lightly wounded)
You shoot a stone.
The stone hits the orc warrior but does no damage.
The orc warrior is lightly wounded.
An orc wizard comes into view. It is wielding a dagger.
Firing (i - inventory. (/) - cycle)
c - 153 stones (quivered)
Press: ? - help, Shift-Dir - straight line, f/p - orc warrior
Aim: an orc warrior, wielding a short sword and wearing a chain mail (lightly wounded)
You shoot a stone.
The stone barely misses the orc warrior.
The orc wizard shouts!
You hear a shout!
The orc warrior hits you with a short sword.
a - a +3 hand axe (weapon)
An orc comes into view. It is wielding a short sword.
You barely miss the orc warrior.
You bite the orc warrior, but do no damage.
The orc warrior is lightly wounded.
The orc warrior hits you but does no damage.
You slash the orc warrior! Your bite misses the orc warrior.
The orc warrior is severely wounded.
The orc warrior hits you with a short sword!
You completely miss the orc warrior.
The orc warrior is severely wounded.
The orc warrior barely misses you.
You hit the orc warrior but do no damage.
The orc warrior is severely wounded.
The orc barely misses you.
The orc warrior hits you but does no damage.
You closely miss the orc warrior.
The orc warrior is severely wounded.
You hit the orc.
The orc warrior hits you with a short sword!
* * * LOW HITPOINT WARNING * * *
You slash the orc warrior!
The orc warrior is almost dead.
You barely miss the orc wizard.
The orc warrior hits you with a short sword!
* * * LOW HITPOINT WARNING * * *
You are too injured to fight recklessly!
You closely miss the orc warrior. Your bite misses the orc warrior.
The orc warrior is almost dead.
You hit the orc wizard but do no damage.
The orc wizard mumbles some strange words.
The orc wizard flickers and vanishes!
Deactivating autopickup; reactivate with Ctrl-A.
The orc warrior hits you but does no damage.
You slash the orc warrior!
You kill the orc warrior!
You barely miss something. Something hits you but does no damage.
You slash the orc!
You kill the orc!
You hit something but do no damage. Something hits you but does no damage.
You completely miss the orc. You hit something.
Something hits you but does no damage. The orc hits you with a short sword.
* * * LOW HITPOINT WARNING * * *
You barely miss the orc. You miss something.
You hear some strange, mumbled words.
Something tries to affect you, but you resist.
The orc hits you with a short sword.
* * * LOW HITPOINT WARNING * * *
You hit the orc.
The orc is moderately wounded.
You closely miss something.
You hear some strange, mumbled words.
Something tries to affect you, but you resist.
The orc barely misses you.
An orc comes into view. It is wielding a war axe.
The orc shouts!
You hit the orc. You bite the orc.
The orc is almost dead.
You closely miss something. Something hits you but does no damage.
The orc hits you with a short sword.
* * * LOW HITPOINT WARNING * * *
You slash the orc!
You kill the orc!
You barely miss something. Something hits you but does no damage.
A magic dart appears from out of thin air!
The magic dart hits you!
* * * LOW HITPOINT WARNING * * *
A magic dart appears from out of thin air!
The magic dart hits you!
A magic dart appears from out of thin air!
The magic dart hits you!
Something tries to affect you, but you resist.
Something tries to affect you, but you resist.
Something tries to affect you, but you resist.
There is a stone staircase leading up here.
You climb upwards.
There is a stone staircase leading down here.
You start resting.
All of the chunks of flesh in your inventory have rotted away.
You are feeling hungry.
You start resting.
HP restored.
You climb downwards.
There is a stone staircase leading up here.
b - a +0 hunting sling (weapon)
Firing (i - inventory. (/) - cycle)
c - 152 stones (quivered)
Press: ? - help, Shift-Dir - straight line, f - orc wizard
Aim: an orc wizard, wielding a dagger and wearing a robe You shoot a stone.
The stone closely misses the orc wizard.
The orc wizard points at you and mumbles some strange words.
The puff of flame hits you!
Firing (i - inventory. (/) - cycle)
c - 151 stones (quivered)
Press: ? - help, Shift-Dir - straight line, f/p - orc wizard
Aim: an orc wizard, wielding a dagger and wearing a robe You shoot a stone.
The stone hits the orc wizard.
The orc wizard is lightly wounded.
Firing (i - inventory. (/) - cycle)
c - 150 stones (quivered)
Press: ? - help, Shift-Dir - straight line, f/p - orc wizard
Aim: an orc wizard, wielding a dagger and wearing a robe You shoot a stone.
The stone barely misses the orc wizard.
Firing (i - inventory. (/) - cycle)
c - 149 stones (quivered)
Press: ? - help, Shift-Dir - straight line, f/p - orc wizard
Aim: an orc wizard, wielding a dagger and wearing a robe You shoot a stone.
The stone closely misses the orc wizard.
The stone hits the orc!
You kill the orc!
a - a +3 hand axe (weapon)
You hit the orc wizard.
The orc wizard is moderately wounded.
The orc wizard hits you but does no damage.
You hit the orc wizard.
The orc wizard is heavily wounded.
The orc wizard casts a spell at you. The magic dart hits you!
You slash the orc wizard!
The orc wizard is almost dead.
The orc wizard completely misses you.
You slash the orc wizard!
You kill the orc wizard!
b - a +0 hunting sling (weapon)
Things that are here:
a dagger; a robe
Things that are here:
a war axe; a leather armour; 2 stones HP restored.
Found 20 gold pieces.
As you open the door, it creaks loudly!
Found a peridot ring.
There is an open door here.
You see here a peridot ring.
Found a scroll labeled DEF LIPATUT.
Found an escape hatch in the floor.
A crimson imp comes into view.
The crimson imp shouts!
Firing (i - inventory. (/) - cycle)
c - 148 stones (quivered)
Press: ? - help, Shift-Dir - straight line, f - crimson imp
Aim: a crimson imp You shoot a stone.
The stone closely misses the crimson imp.
The crimson imp shouts, "Return whence thou came, thou loggerheaded half-faced scavenger!"
Firing (i - inventory. (/) - cycle)
c - 147 stones (quivered)
Press: ? - help, Shift-Dir - straight line, f/p - crimson imp
Aim: a crimson imp You shoot a stone.
The stone hits the crimson imp.
The crimson imp is lightly wounded.
No target in view!
Found 16 arrows.
A crimson imp is nearby!
Firing (i - inventory. (/) - cycle)
c - 146 stones (quivered)
Press: ? - help, Shift-Dir - straight line, f/p - crimson imp
Aim: a crimson imp (lightly wounded)
You shoot a stone.
The stone closely misses the crimson imp.
Firing (i - inventory. (/) - cycle)
c - 145 stones (quivered)
Press: ? - help, Shift-Dir - straight line, f/p - crimson imp
Aim: a crimson imp You shoot a stone.
The stone hits the crimson imp.
The crimson imp is lightly wounded.
The crimson imp hits you but does no damage.
a - a +3 hand axe (weapon)
The crimson imp hits you but does no damage.
You hit the crimson imp.
The crimson imp is moderately wounded.
The crimson imp closely misses you.
Grinder comes into view.
You barely miss the crimson imp. The crimson imp misses you.
You closely miss the crimson imp. The crimson imp completely misses you.
You hit the crimson imp.
The crimson imp is moderately wounded.
The crimson imp blinks!
Autopickup is now on.
The crimson imp blinks!
G - a peridot ring The crimson imp blinks!
No target in view!
There is an open door here.
The crimson imp blinks!
There is an open door here.
The crimson imp blinks!
You now have 455 gold pieces (gained 20).
The crimson imp grins evilly.
The crimson imp blinks!
The crimson imp blinks!
The crimson imp barely misses you.
You closely miss the crimson imp.
The crimson imp hits you but does no damage.
You slash the crimson imp! Your bite misses the crimson imp.
The crimson imp is severely wounded.
The crimson imp barely misses you.
You completely miss the crimson imp. Your bite misses the crimson imp.
The crimson imp is heavily wounded.
The crimson imp hits you but does no damage.
You miss the crimson imp.
The crimson imp is heavily wounded.
The crimson imp barely misses you.
You hit the crimson imp.
The crimson imp is severely wounded.
The crimson imp barely misses you. The crimson imp hits you.
You slash the crimson imp!
You kill the crimson imp!
You now have 469 gold pieces (gained 14).
Okay, then.
b - a +0 hunting sling (weapon)
You start resting.
HP restored.
There is an open door, spattered with blood here.
Things that are here:
a chain mail; a short sword
Items here: )) [ รทรท a leather armour; a short sword; a club; an orc skeleton x2
c - 145 stones (gained 1)
c - 146 stones (gained 1)
c - 147 stones (gained 1)
c - 148 stones (gained 1)
c - 149 stones (gained 1)
Found a stone staircase leading up.
c - 151 stones (gained 2)
You are feeling very hungry.
A crimson imp comes into view.
The crimson imp shouts!
Firing (i - inventory. (/) - cycle)
c - 151 stones (quivered)
Press: ? - help, Shift-Dir - straight line, f - crimson imp
Aim: a crimson imp You shoot a stone.
The stone completely misses the crimson imp.
The crimson imp blinks!
Firing (i - inventory. (/) - cycle)
c - 150 stones (quivered)
Press: ? - help, Shift-Dir - straight line, f - Grinder
Aim: Grinder (hasn't noticed you)
You shoot a stone.
Grinder shouts!
The stone hits Grinder.
Grinder is lightly wounded.
Firing (i - inventory. (/) - cycle)
c - 149 stones (quivered)
Press: ? - help, Shift-Dir - straight line, f/p - Grinder
Aim: Grinder (lightly wounded)
You shoot a stone. The stone closely misses Grinder.
Grinder gestures at you.
You struggle to resist.
a - a +3 hand axe (weapon)
You slash Grinder! You bite Grinder.
Grinder is moderately wounded.
Grinder blinks!
b - a +0 hunting sling (weapon)
Grinder blinks!
No target in view!
You start waiting.
Grinder is too close now for your liking.
Firing (i - inventory. (/) - cycle)
c - 148 stones (quivered)
Press: ? - help, Shift-Dir - straight line, f/p - Grinder
Aim: Grinder (moderately wounded)
You shoot a stone. The stone barely misses Grinder.
Firing (i - inventory. (/) - cycle)
c - 147 stones (quivered)
Press: ? - help, Shift-Dir - straight line, f/p - Grinder
Aim: Grinder (moderately wounded)
You shoot a stone. The stone hits Grinder!
Grinder is heavily wounded.
Grinder gestures at you. You resist with some effort.
Firing (i - inventory. (/) - cycle)
c - 146 stones (quivered)
Press: ? - help, Shift-Dir - straight line, f/p - Grinder
Aim: Grinder (heavily wounded)
You shoot a stone. The stone barely misses Grinder.
The crimson imp grins evilly.
Firing (i - inventory. (/) - cycle)
c - 145 stones (quivered)
Press: ? - help, Shift-Dir - straight line, f/p - Grinder
Aim: Grinder (heavily wounded)
You shoot a stone. The stone hits Grinder.
Grinder is heavily wounded.
Grinder gestures at you. Pain shoots through your body!
Firing (i - inventory. (/) - cycle)
c - 144 stones (quivered)
Press: ? - help, Shift-Dir - straight line, f/p - Grinder
Aim: Grinder (heavily wounded)
You shoot a stone. The stone hits Grinder.
Grinder is severely wounded.
Firing (i - inventory. (/) - cycle)
c - 143 stones (quivered)
Press: ? - help, Shift-Dir - straight line, f/p - Grinder
Aim: Grinder (severely wounded)
You shoot a stone. The stone hits Grinder.
Grinder is severely wounded.
Grinder blinks!
Firing (i - inventory. (/) - cycle)
c - 142 stones (quivered)
Press: ? - help, Shift-Dir - straight line, f/p - Grinder
Aim: Grinder (severely wounded)
You shoot a stone. The stone misses the crimson imp.
The crimson imp barely misses you. Grinder gestures at you.
Pain shoots through your body!
Firing (i - inventory. (/) - cycle)
c - 141 stones (quivered)
Press: ? - help, Shift-Dir - straight line, f/p - crimson imp
Aim: a crimson imp You shoot a stone.
The stone barely misses the crimson imp.
The crimson imp hits you but does no damage.
The crimson imp barely misses you.
Firing (i - inventory. (/) - cycle)
c - 140 stones (quivered)
Press: ? - help, Shift-Dir - straight line, f - Grinder, p - crimson imp
Aim: Grinder (severely wounded)
You shoot a stone. The stone barely misses Grinder.
Grinder blinks!
The crimson imp hits you but does no damage.
a - a +3 hand axe (weapon)
You closely miss the crimson imp.
The crimson imp hits you but does no damage.
You miss the crimson imp.
The crimson imp hits you but does no damage.
b - a +0 hunting sling (weapon)
The crimson imp hits you but does no damage.
Firing (i - inventory. (/) - cycle)
c - 139 stones (quivered)
Press: ? - help, Shift-Dir - straight line, f/p - Grinder
Aim: Grinder (severely wounded)
You shoot a stone. The stone hits Grinder.
Grinder is almost dead.
The crimson imp hits you but does no damage.
Firing (i - inventory. (/) - cycle)
c - 138 stones (quivered)
Press: ? - help, Shift-Dir - straight line, f/p - Grinder
Aim: Grinder (almost dead)
You shoot a stone. The stone hits Grinder.
Grinder is almost dead.
Grinder gestures at you.
You suddenly lose the ability to move!
The crimson imp hits you but does no damage.
Grinder blinks!
The crimson imp hits you but does no damage.
The crimson imp hits you but does no damage. x4
Grinder blinks!
The crimson imp hits you but does no damage.
You can move again.
a - a +3 hand axe (weapon)
The crimson imp closely misses you.
You slash the crimson imp!
The crimson imp is heavily wounded.
The crimson imp hits you but does no damage.
You slash the crimson imp!
You kill the crimson imp!
b - a +0 hunting sling (weapon)
You start resting.
Grinder is too close now for your liking.
Firing (i - inventory. (/) - cycle)
c - 137 stones (quivered)
Press: ? - help, Shift-Dir - straight line, f/p - Grinder
Aim: Grinder (almost dead)
You shoot a stone. The stone hits Grinder.
You kill Grinder!
Your Stealth skill increases to level 7!
c - 137 stones (gained 1)
c - 139 stones (gained 2)
c - 141 stones (gained 2) Magic restored.
c - 142 stones (gained 1)
c - 146 stones (gained 4)
Found a stone staircase leading down.
c - 148 stones (gained 2)
c - 150 stones (gained 2) HP restored.
c - 151 stones (gained 1)
c - 152 stones (gained 1)
Found a spear.
c - 153 stones (gained 1)
J - a scroll labeled DEF LIPATUT
c - 154 stones (gained 1)
Found a hand axe.
Found a staircase to the Ecumenical Temple.
An orc comes into view.
The orc shouts!
You hear a shout! x3
Something shouts, "Leave, thou bootless weeb-spouting strumpet!"
An orc warrior comes into view. It is wielding a dire flail.
An orc comes into view. It is wielding a flail.
You can't go down here!
Firing (i - inventory. (/) - cycle)
c - 154 stones (quivered)
Press: ? - help, Shift-Dir - straight line, f - orc
Aim: an orc, wielding a flail You shoot a stone.
The stone barely misses the orc.
Firing (i - inventory. (/) - cycle)
c - 153 stones (quivered)
Press: ? - help, Shift-Dir - straight line, f/p - orc
Aim: an orc, wielding a flail You shoot a stone.
The stone hits the orc.
The orc is heavily wounded.
Firing (i - inventory. (/) - cycle)
c - 152 stones (quivered)
Press: ? - help, Shift-Dir - straight line, f/p - orc
Aim: an orc, wielding a flail (heavily wounded)
You shoot a stone. The stone hits the orc.
The orc is almost dead.
Firing (i - inventory. (/) - cycle)
c - 151 stones (quivered)
Press: ? - help, Shift-Dir - straight line, f/p - orc
Aim: an orc, wielding a flail (almost dead)
You shoot a stone. The stone hits the orc!
You kill the orc!
An orc wizard comes into view. It is wielding a dagger.
Firing (i - inventory. (/) - cycle)
c - 150 stones (quivered)
Press: ? - help, Shift-Dir - straight line, f - orc warrior
Aim: an orc warrior, wielding a dire flail and wearing a chain mail You shoot a stone.
The orc wizard shouts!
The stone hits the orc warrior but does no damage.
A shadow imp comes into view.
Firing (i - inventory. (/) - cycle)
c - 149 stones (quivered)
Press: ? - help, Shift-Dir - straight line, f/p - orc warrior
Aim: an orc warrior, wielding a dire flail and wearing a chain mail You shoot a stone.
The stone hits the orc warrior!
The orc warrior is moderately wounded.
The orc wizard casts a cantrip, but nothing happens.
a - a +3 hand axe (weapon)
You hit the orc warrior. Your bite misses the orc warrior.
The orc warrior is heavily wounded.
The orc warrior hits you but does no damage.
You completely miss the orc warrior.
The orc warrior is heavily wounded.
The orc warrior hits you with a dire flail!!
You hit the orc warrior.
The orc warrior is heavily wounded.
The orc warrior hits you with a dire flail!
* * * LOW HITPOINT WARNING * * *
You hit the orc warrior.
The orc warrior is severely wounded.
The orc warrior hits you with a dire flail!
* * * LOW HITPOINT WARNING * * *
You hit the orc warrior.
The orc warrior is severely wounded.
The orc warrior hits you with a dire flail!
* * * LOW HITPOINT WARNING * * *
The orc wizard gestures wildly while chanting.
The orc wizard flickers and vanishes!
Deactivating autopickup; reactivate with Ctrl-A.
Okay, then.
You are near starving!
Found a club.
Things that are here:
a war axe; a leather armour; 2 stones The orc warrior hits you with a dire flail!
* * * LOW HITPOINT WARNING * * *
Things that are here:
a dagger; a robe
There is a stone staircase leading up here.
The orc warrior hits you with a dire flail!
You die...

#...#
#.##.##.#
#...#
#.##.##5#
# #...#
#..o.##.#
#...#
#######.#
#o# #.###
#...#
#######.#
#@oo.5)(#
#########


You could see an orc warrior, a shadow imp and an orc.

Vanquished Creatures
  Grinder (D:6)
  A hippogriff (D:5)
  Purgy (Sewer)
  An orc warrior (D:6)
  2 ogres (D:5)
  A bullfrog (D:6)
  A scorpion (D:4)
  2 crimson imps (D:6)
  A jelly (D:4)
  An orc priest (D:5)
  2 hounds (D:5)
  A centaur skeleton (D:5)
  An iguana (D:5)
  3 orc wizards
  4 worker ants
  A howler monkey zombie (D:5)
  7 adders
  3 worms
  8 leopard geckos
  27 orcs
  3 ball pythons
  5 giant cockroaches
  11 goblins
  7 hobgoblins
  5 kobolds
  A quokka (D:2)
  6 bats
  16 frilled lizards
  A quokka skeleton (D:5)
  6 rats
130 creatures vanquished.

Vanquished Creatures (others)
  An orc wizard (D:3)
  A worm (D:3)
  An orc (D:3)
  A giant cockroach (D:1)
  A hobgoblin (D:3)
5 creatures vanquished.

Grand Total: 135 creatures vanquished

Notes
Turn   | Place    | Note
-------+----------+-------------------------------------------
     0 | D:1      | Cashew the Gnoll Wanderer began the quest for the Orb.
     0 | D:1      | Cashew set off with: a potion of lignification, a +0 robe, a +0 dagger, a ration
     0 | D:1      | Reached XP level 1. HP: 13/13 MP: 2/2
   281 | D:1      | Reached skill level 2 in Ice Magic
   575 | D:1      | Reached XP level 2. HP: 8/19 MP: 3/3
  1626 | D:2      | Reached XP level 3. HP: 25/25 MP: 4/4
  1919 | D:2      | Reached skill level 6 in Stealth
  2038 | D:2      | Found a hide-covered altar of Uskayaw.
  2057 | D:2      | Reached skill level 1 in Invocations
  2472 | D:2      | Reached skill level 1 in Fighting
  2472 | D:2      | Reached skill level 1 in Short Blades
  2472 | D:2      | Reached skill level 1 in Long Blades
  2472 | D:2      | Reached skill level 1 in Axes
  2472 | D:2      | Reached skill level 1 in Maces & Flails
  2472 | D:2      | Reached skill level 1 in Polearms
  2472 | D:2      | Reached skill level 1 in Staves
  2472 | D:2      | Reached skill level 1 in Slings
  2472 | D:2      | Reached skill level 1 in Bows
  2472 | D:2      | Reached skill level 1 in Crossbows
  2472 | D:2      | Reached skill level 1 in Throwing
  2472 | D:2      | Reached skill level 1 in Armour
  2472 | D:2      | Reached skill level 1 in Shields
  2472 | D:2      | Reached skill level 1 in Spellcasting
  2582 | D:3      | Reached XP level 4. HP: 30/32 MP: 6/6
  2980 | D:3      | Reached skill level 1 in Conjurations
  2980 | D:3      | Reached skill level 1 in Hexes
  2980 | D:3      | Reached skill level 1 in Charms
  2980 | D:3      | Reached skill level 1 in Summonings
  2980 | D:3      | Reached skill level 1 in Necromancy
  2980 | D:3      | Reached skill level 1 in Translocations
  2980 | D:3      | Reached skill level 1 in Transmutations
  2980 | D:3      | Reached skill level 1 in Fire Magic
  2980 | D:3      | Reached skill level 1 in Air Magic
  2980 | D:3      | Reached skill level 1 in Poison Magic
  3408 | D:3      | Reached XP level 5. HP: 37/37 MP: 7/7
  3652 | D:4      | Reached skill level 3 in Dodging
  3652 | D:4      | Reached skill level 4 in Earth Magic
  3652 | D:4      | Reached skill level 3 in Evocations
  4243 | D:4      | Found a runed door.
  4247 | D:4      | Noticed Serulin's ghost (amateur TrMo)
  4326 | D:4      | Reached skill level 2 in Invocations
  4326 | D:4      | Reached XP level 6. HP: 41/44 MP: 8/8
  4640 | D:5      | Entered Level 5 of the Dungeon
  4650 | D:5      | Reached skill level 2 in Fighting
  4650 | D:5      | Reached skill level 2 in Short Blades
  4650 | D:5      | Reached skill level 2 in Long Blades
  4650 | D:5      | Reached skill level 2 in Axes
  4650 | D:5      | Reached skill level 2 in Maces & Flails
  4650 | D:5      | Reached skill level 2 in Polearms
  4650 | D:5      | Reached skill level 2 in Staves
  4650 | D:5      | Reached skill level 2 in Slings
  4650 | D:5      | Reached skill level 2 in Bows
  4650 | D:5      | Reached skill level 2 in Crossbows
  4650 | D:5      | Reached skill level 2 in Throwing
  4650 | D:5      | Reached skill level 2 in Armour
  4650 | D:5      | Reached skill level 2 in Shields
  4650 | D:5      | Reached skill level 5 in Unarmed Combat
  4650 | D:5      | Reached skill level 2 in Spellcasting
  4698 | D:5      | Reached XP level 7. HP: 39/50 MP: 10/10
  4821 | D:5      | Noticed a hippogriff
  4838 | D:5      | Killed a hippogriff
  4838 | D:5      | Reached skill level 2 in Conjurations
  4838 | D:5      | Reached skill level 2 in Hexes
  4838 | D:5      | Reached skill level 2 in Charms
  4838 | D:5      | Reached skill level 2 in Summonings
  4838 | D:5      | Reached skill level 2 in Necromancy
  4838 | D:5      | Reached skill level 2 in Translocations
  4838 | D:5      | Reached skill level 2 in Transmutations
  4838 | D:5      | Reached skill level 2 in Fire Magic
  4838 | D:5      | Reached skill level 3 in Ice Magic
  4838 | D:5      | Reached skill level 2 in Air Magic
  4838 | D:5      | Reached skill level 2 in Poison Magic
  5159 | D:5      | Reached skill level 3 in Invocations
  5167 | D:5      | Found a glowing drain.
  5177 | Sewer    | Entered a sewer
  5221 | Sewer    | Noticed Purgy
  5239 | Sewer    | Killed Purgy
  5239 | Sewer    | Reached XP level 8. HP: 28/57 MP: 12/12
  6196 | D:4      | Reached skill level 4 in Dodging
  6196 | D:4      | Reached skill level 4 in Evocations
  6333 | D:5      | Reached skill level 3 in Fighting
  6333 | D:5      | Reached skill level 3 in Short Blades
  6333 | D:5      | Reached skill level 3 in Long Blades
  6333 | D:5      | Reached skill level 3 in Axes
  6333 | D:5      | Reached skill level 3 in Maces & Flails
  6333 | D:5      | Reached skill level 3 in Polearms
  6333 | D:5      | Reached skill level 3 in Staves
  6333 | D:5      | Reached skill level 3 in Slings
  6333 | D:5      | Reached skill level 3 in Bows
  6333 | D:5      | Reached skill level 3 in Crossbows
  6333 | D:5      | Reached skill level 3 in Throwing
  6333 | D:5      | Reached skill level 3 in Armour
  6333 | D:5      | Reached skill level 3 in Shields
  6333 | D:5      | Reached skill level 3 in Spellcasting
  7172 | D:6      | Noticed Grinder
  7284 | D:6      | Paralysed by Grinder for 7 turns
  7308 | D:6      | Killed Grinder
  7308 | D:6      | Reached skill level 7 in Stealth
  7378 | D:6      | Found a staircase to the Ecumenical Temple.
  7477 | D:6      | Slain by an orc warrior

Vault maps used:
D:1:      minmay_arrival_arboretum_small
D:2:      old_standard_altar, first_ration
D:4:      gammafunk_ghost_grave
D:5:      cheibrodos_sewer_entry_sluice
D:6:      lemuel_round_altar, gammafunk_temple_overflow_forgotten,
          minmay_temple_entry_glass, uniq_duvessa, uniq_grinder
Sewer:    sewer_co_purgy_island

Skill      XL: |  1  2  3  4  5  6  7  8 |
---------------+-------------------------+-----
Ice Magic      | 2 3 |  3.6
Stealth        | 6 7 |  7.0
Invocations    | 1 2 3 |  3.9
Fighting       | 1 2 3 |  3.5
Short Blades   | 1 2 3 |  3.5
Long Blades    | 1 2 3 |  3.5
Axes           | 1 2 3 |  3.5
Maces & Flails | 1 2 3 |  3.5
Polearms       | 1 2 3 |  3.5
Staves         | 1 2 3 |  3.5
Slings         | 1 2 3 |  3.5
Bows           | 1 2 3 |  3.5
Crossbows      | 1 2 3 |  3.5
Throwing       | 1 2 3 |  3.5
Armour         | 1 2 3 |  3.5
Shields        | 1 2 3 |  3.5
Spellcasting   | 1 2 3 |  3.5
Conjurations   | 1 2 |  2.9
Hexes          | 1 2 |  2.9
Charms         | 1 2 |  2.9
Summonings     | 1 2 |  2.9
Necromancy     | 1 2 |  2.9
Translocations | 1 2 |  2.9
Transmutations | 1 2 |  2.9
Fire Magic     | 1 2 |  2.9
Air Magic      | 1 2 |  2.9
Poison Magic   | 1 2 |  2.9
Dodging        | 3 4 |  4.4
Earth Magic    | 4 |  4.8
Evocations     | 3 4 |  4.4
Unarmed Combat | 5 |  5.8

Action                   |  1- 3 |  4- 6 |  7- 9 || total
-------------------------+-------+-------+-------++-------
Melee: Dagger            |    42 |       |       ||    42
       Bite              |    10 |     9 |    18 ||    37
       Whip              |    77 |    81 |       ||   158
       Punch             |       |     2 |     2 ||     4
       Hand axe          |       |    19 |   124 ||   143
 Fire: Hunting sling     |       |    24 |   118 ||   142
  Use: Potion            |       |     1 |     1 ||     2
       Scroll            |       |     9 |     3 ||    12
 Stab: Sleeping          |    10 |     5 |       ||    15
  Eat: Chunk             |     5 |     7 |     7 ||    19
Armor: Robe              |    22 |     5 |       ||    27
       Skin              |       |     4 |       ||     4
       Ring mail         |       |     8 |    33 ||    41
       Chain mail        |       |       |    34 ||    34
Dodge: Dodged            |    77 |    53 |    81 ||   211

Table legend:
 A = Spawn XP
 B = Non-spawn XP
 C = Spawn XP percentage of total XP
 D = Spawn monster count
 E = Non-spawn monster count
 F = Spawn count percentage of total count
 G = Total turns spent on level
                    A         B        C        D         E        F      G
               +---------+---------+-------+---------+---------+-------+---------
         Total |       0 |    2149 |   0.0 |       0 |     135 |   0.0 |  7477
               +---------+---------+-------+---------+---------+-------+---------
           D:1 |       0 |      30 |   0.0 |       0 |      16 |   0.0 |  1523
           D:2 |       0 |      48 |   0.0 |       0 |      19 |   0.0 |  1035
           D:3 |       0 |      95 |   0.0 |       0 |      33 |   0.0 |  1045
           D:4 |       0 |     238 |   0.0 |       0 |      14 |   0.0 |  1383
           D:5 |       0 |     886 |   0.0 |       0 |      33 |   0.0 |  1550
           D:6 |       0 |     698 |   0.0 |       0 |      12 |   0.0 |   557
         Sewer |       0 |     154 |   0.0 |       0 |       8 |   0.0 |   384
               +---------+---------+-------+---------+---------+-------+---------
